 Dungeon Crawl Stone Soup version 0.16.1-4-g8e1b745 (webtiles) character file.

123601 Fluffy the Severer (level 16, -13/152 HPs)
             Began as a Hill Orc Fighter on Mar 27, 2015.
             Was the Champion of Qazlal.
             Killed from afar by a shock serpent (26 damage)
             ... with a bolt of electricity
             ... on level 5 of the Snake Pit.
             The game lasted 01:52:49 (27141 turns).

Fluffy the Severer (Hill Orc Fighter)              Turns: 27141, Time: 01:52:52

Health: -13/152    AC: 23    Str: 28    XL:     16   Next: 90%
Magic:  30/30      EV:  4    Int:  8    God:    Qazlal [******]
Gold:   3154       SH: 27    Dex: 10    Spells: 0 memorised, 15 levels left

rFire  + . .     SeeInvis .     b - +7 broad axe (freeze)
rCold  . . .     Clarity  .     B - +0 plate armour (curse)
rNeg   . . .     SustAb   .     R - +2 large shield
rPois  +         Gourm    .     (no helmet)
rElec  .         Spirit   .     T - +0 cloak
rCorr  .         Warding  .     p - +1 pair of gloves
rMut   .         Stasis   .     N - +0 pair of boots "Udghas" {rF+}
MR     ++...                    K - amulet of regeneration
Stlth  ..........               V - ring of protection from magic
                                t - ring of poison resistance

@: repel missiles, very resistant to hostile enchantments, extremely unstealthy
A: breathe flames 1, low mp 1, strong 1
a: Upheaval, Elemental Force, Disaster Area, Renounce Religion, Breathe Fire


You were on level 5 of the Snake Pit.
You worshipped Qazlal.
Qazlal was exalted by your worship.
You were not hungry.

You visited 5 branches of the dungeon, and saw 30 of its levels.
You also visited: Ossuary.

You collected 3154 gold pieces.

Inventory:

Hand weapons
 b - a +7 broad axe of freezing (weapon)
 z - the +4 broad axe "Ydosme" {venom, rC+ MR+ Str+4 Int-3}
   (You found it on level 4 of the Snake Pit)

   It poisons the flesh of those it strikes.
   It affects your strength (+4).
   It affects your intelligence (-3).
   It protects you from cold.
   It affects your resistance to hostile enchantments.
 A - the +8 flail of Analysis {freeze, Str+2}
   (You found it on level 3 of the Snake Pit)

   It has been specially enchanted to freeze those struck by it, causing extra
   injury to most foes and up to half again as much damage against particularly
   susceptible opponents.
   It can also slow down cold-blooded creatures.
   It affects your strength (+2).
 Y - a +1 executioner's axe of holy wrath
Armour
 p - a +1 pair of gloves (worn)
 B - a cursed +0 plate armour (worn)
 N - the +0 pair of boots "Udghas" (worn) {rF+}
   (You found it on level 1 of the Lair of Beasts)

   It protects you from fire.
 R - a +2 large shield (worn)
 T - a +0 cloak (worn)
Jewellery
 r - an uncursed amulet of resist mutation
 t - a ring of poison resistance (left hand)
 C - an uncursed ring of positive energy
 H - an uncursed ring of protection from cold
 K - an amulet of regeneration (around neck)
 U - an uncursed ring of protection from fire
 V - a ring of protection from magic (right hand)
Magical devices
 c - a wand of digging (8)
 q - a wand of digging (24)
 s - a wand of teleportation (4)
 y - a wand of disintegration (13)
 J - a wand of draining (4)
 O - a wand of draining (5)
Scrolls
 a - a scroll of holy word
 h - 17 scrolls of teleportation
 i - 8 scrolls of remove curse
 j - 9 scrolls of magic mapping
 o - 8 scrolls of recharging
 w - 11 scrolls of identify
 x - 8 scrolls of blinking
 F - 4 scrolls of enchant armour
 Q - a scroll of summoning
 S - a scroll of brand weapon
Potions
 e - 5 potions of might
 g - 2 potions of cure mutation
 k - 2 potions of agility
 m - 7 potions of curing
 u - 3 potions of haste
 v - 6 potions of restore abilities
 D - a potion of magic
 G - a potion of heal wounds
 L - a potion of invisibility
 W - a potion of flight
Comestibles
 d - 15 meat rations
 f - 6 slices of pizza
 l - 16 bread rations
 n - 10 beef jerkies
 P - 19 fruits


   Skills:
 + Level 16.5 Fighting
 + Level 20.2 Axes
 + Level 15.2 Armour
 + Level 6.5 Shields
 + Level 17.2 Invocations


You had 15 spell levels left.
You didn't know any spells.

Dungeon Overview and Level Annotations

Branches:
Dungeon (12/15)            Temple (1/1) D:5            Lair (8/8) D:8
  Swamp (0/5) Lair:6        Snake (5/5) Lair:4        Slime (0/6) Lair:7
    Orc (4/4) D:12            Elf (0/3) Orc:4

Altars:
Ashenzari
Cheibriados
Dithmenos
Elyvilon
Fedhas
Gozag
Kikubaaqudgha
Makhleb
Nemelex Xobeh
Okawaru
Qazlal
Ru
Sif Muna
Trog
Vehumet
Xom
Yredelemnul
Zin
The Shining One
Jiyva

Shops:
D:9 **   D:11 =   Orc:2 (   Orc:4 (:*(   Snake:3 ?


Innate Abilities, Weirdness & Mutations

You can breathe flames.
Your magical capacity is low (-10% MP).
Your muscles are strong. (Str +2)


Message History

* * * LOW HITPOINT WARNING * * *
You hear an angry hiss.
You hear a shout!
You hit the shock serpent! You freeze the shock serpent.
The shock serpent seems to slow down.
The shock serpent is severely wounded.
The shock serpent's electric aura discharges!
The lightning shocks you.
* * * LOW HITPOINT WARNING * * *
You hear a shout! x2
You hear an angry hiss.
You hear a shout!
You hear a shout!
You hear a shout!
You hear an angry hiss.
You hear a shout!
You hear a shout!
You hear a shout!
You hear a shout!
You hear an angry hiss.
You block the shock serpent's attack.
You miss the shock serpent.
The shock serpent is severely wounded.
The shock serpent shoots out a bolt of lightning at you!
The bolt of electricity hits you!
* * * LOW HITPOINT WARNING * * *
The bolt of electricity hits you!
You die...

# .# ##.#
...## #...##
### #....##
#... #N....###
#...#§.§....#
#...§@.§....#
####§.S#.....#
#.§... .#.
........
#........#
.........#
##..#..... ##'
##.. .


You could see a salamander and a shock serpent.

Vanquished Creatures
  Rupert (Snake:3)
  A greater naga (Snake:1)
  An orc warlord (Orc:3)
  Aizul (Snake:1)
  The ghost of ventricule the Marksoctopus, a powerful OpAM of Ashenzari (Orc:4)
  Fannar (Lair:3)
  7 naga warriors
  4 hydras
  An ogre mage (Orc:3)
  Nessos (Orc:3)
  6 anacondas
  3 orc high priests (Orc:4)
  6 death yaks (Lair:8)
  12 naga sharpshooters
  Urug (D:12)
  6 shock serpents
  An unseen horror (D:12)
  4 naga ritualists
  3 hill giants
  4 orc knights (Orc:4)
  6 orc sorcerers
  5 griffons
  9 mana vipers
  2 ugly things (D:12)
  A cyclops (D:12)
  2 manticores
  7 salamanders
  31 black mambas
  A guardian serpent (Snake:5)
  A sixfirhy (Orc:2)
  11 naga magi
  12 elephants
  22 spiny frogs
  Psyche (Orc:3)
  10 fire drakes
  5 komodo dragons
  A troll (D:10)
  A giant leech (Lair:8)
  4 two-headed ogres
  A wandering mushroom (Lair:7)
  21 blink frogs
  Prince Ribbit (D:9)
  6 basilisks
  5 boulder beetles (Lair:7)
  A trapdoor spider (D:12)
  2 deep elf magi (D:12)
  2 fire elementals
  2 hungry ghosts
  7 vampire mosquitoes (Lair:8)
  39 yaks
  19 hippogriffs
  15 wyverns
  2 fire bats (Lair:5)
  8 wolves
  5 wargs
  Menkaure (D:7)
  27 water moccasins
  33 nagas
  2 hell hounds
  33 orc warriors
  A wasp (D:9)
  4 ice beasts
  4 sky beasts
  3 phantoms
  2 black bears
  2 eyes of draining (D:12)
  13 porcupines
  5 centaurs
  17 ogres
  A boring beetle (Lair:7)
  Sigmund (D:4)
  26 giant frogs
  8 crocodiles
  Blork the orc (Orc:1)
  A gnoll sergeant (D:10)
  3 scorpions
  9 killer bees
  13 wights
  A yak skeleton (Orc:4)
  2 crimson imps
  A giant frog zombie (D:12)
  3 goliath beetles
  14 hounds
  34 orc priests
  14 electric eels
  A human zombie (Ossuary)
  2 lava snakes (Lair:5)
  4 giant frog skeletons
  3 jellies
  3 centaur zombies
  9 iguanas
  34 orc wizards
  8 worker ants
  3 centaur skeletons
  16 sheep
  Ijyb (D:2)
  Jessica (D:2)
  A big kobold zombie (Ossuary)
  3 hound zombies
  3 hound skeletons
  5 mummies
  21 gnolls
  43 river rats
  17 adders
  3 giant mites
  A shadow imp (D:6)
  4 worms
  3 adder skeletons
  An adder zombie (Ossuary)
  7 giant geckos
  202 orcs
  12 bats
  4 giant cockroaches
  3 gnoll zombies (Ossuary)
  14 hobgoblins
  16 kobolds
  10 quokkas
  A ball python (D:4)
  A ball python skeleton (D:4)
  3 giant newts
  16 goblins
  2 goblin zombies (Ossuary)
  5 hobgoblin zombies
  11 jackals
  8 jackal zombies
  A kobold zombie (Ossuary)
  8 orc zombies
  5 quokka zombies (Ossuary)
  15 rats
  7 rat skeletons (Orc:4)
  5 rat zombies (Ossuary)
  4 ballistomycetes (D:8)
  A bush (Lair:8)
  A butterfly (Orc:4)
  60 fungi
  44 plants
1268 creatures vanquished.

Vanquished Creatures (collateral kills)
  Vashnia (Snake:4)
  A hydra (Lair:7)
2 creatures vanquished.

Vanquished Creatures (others)
  3 water elementals (Lair:7)
  An air elemental (Lair:7)
  An orc wizard (Orc:4)
  2 orcs
  A giant spore (D:8)
  A ballistomycete (D:8)
  12 fungi
  8 plants
29 creatures vanquished.

Grand Total: 1299 creatures vanquished

Notes
Turn   | Place    | Note
--------------------------------------------------------------
     0 | D:1      | Fluffy, the Hill Orc Fighter, began the quest for the Orb.
     0 | D:1      | Reached XP level 1. HP: 19/19 MP: 1/1
   124 | D:1      | Reached XP level 2. HP: 20/26 MP: 2/2
   311 | D:1      | Found a shimmering altar of Xom.
   341 | D:1      | Reached skill level 4 in Axes
   846 | D:2      | Noticed Ijyb
   851 | D:2      | Reached XP level 3. HP: 28/31 MP: 3/3
   866 | D:2      | Killed Ijyb
   866 | D:2      | Reached skill level 5 in Axes
  1106 | D:2      | Reached XP level 4. HP: 39/39 MP: 4/4
  1155 | D:2      | Noticed Jessica
  1158 | D:2      | Killed Jessica
  1158 | D:2      | Reached skill level 6 in Axes
  1672 | D:3      | Reached XP level 5. HP: 41/45 MP: 5/5
  1899 | D:3      | Reached skill level 7 in Axes
  2085 | D:3      | Found a bloodstained altar of Trog.
  2761 | D:4      | Found a snail-covered altar of Cheibriados.
  2990 | D:4      | Noticed Sigmund
  3006 | D:4      | Killed Sigmund
  3006 | D:4      | Reached skill level 8 in Axes
  3006 | D:4      | Reached XP level 6. HP: 34/51 MP: 6/6
  3182 | D:4      | Reached skill level 9 in Axes
  3273 | D:4      | Noticed an ogre
  3481 | D:3      | Killed an ogre
  3481 | D:3      | Reached skill level 10 in Axes
  3481 | D:3      | Reached XP level 7. HP: 48/57 MP: 7/7
  3823 | D:4      | Noticed an ogre
  3832 | D:4      | HP: 2/57 [ogre/giant spiked club (18)]
  3834 | D:4      | Killed an ogre
  4297 | D:5      | Entered Level 5 of the Dungeon
  4325 | D:5      | Found a sand-covered staircase.
  4333 | Ossuary  | Entered an ossuary
  4363 | Ossuary  | Reached skill level 11 in Axes
  4517 | Ossuary  | Reached XP level 8. HP: 58/64 MP: 8/8
  4685 | D:5      | Found a staircase to the Ecumenical Temple.
  4742 | D:5      | Found a burning altar of Makhleb.
  4978 | Temple   | Entered the Ecumenical Temple
  5108 | Temple   | Became a worshipper of Qazlal Stormbringer
  5264 | D:5      | Identified a scroll of acquirement
  5343 | D:5      | Found an iron altar of Okawaru.
  5363 | D:5      | Reached skill level 12 in Axes
  5770 | D:6      | Reached skill level 1 in Invocations
  5943 | D:6      | Found a sacrificial altar of Ru.
  6412 | D:6      | Acquired Qazlal's first power
  6586 | D:7      | Reached XP level 9. HP: 73/73 MP: 14/14
  6618 | D:7      | Noticed Menkaure
  6627 | D:7      | Killed Menkaure
  6627 | D:7      | Reached skill level 5 in Fighting
  6666 | D:7      | Reached skill level 13 in Axes
  6802 | D:7      | Reached skill level 5 in Armour
  6821 | D:7      | Gained mutation: Your muscles are strong. (Str +2) [potion of beneficial mutation]
  7157 | D:8      | Got a colourful robe
  7168 | D:8      | Identified the +1 robe "Rawyo" {rElec Str+3} (You found it on level 8 of the Dungeon)
  7351 | D:8      | Found a staircase to the Lair.
  7410 | D:8      | Acquired Qazlal's second power
  7532 | D:8      | Reached skill level 5 in Invocations
  7938 | D:9      | Reached XP level 10. HP: 74/86 MP: 20/20
  8462 | D:9      | Found Mameku's Assorted Antiques.
  8479 | D:9      | Noticed a hill giant
  8485 | D:9      | Killed a hill giant
  8485 | D:9      | Reached skill level 14 in Axes
  8655 | D:9      | Noticed Prince Ribbit
  8673 | D:9      | Killed Prince Ribbit
  8763 | D:9      | Found a sparkling altar of Nemelex Xobeh.
  8802 | D:9      | Found Psaysh's Hallowed Reliquary.
  8802 | D:9      | Found a glowing golden altar of the Shining One.
  8802 | D:9      | Noticed an angel
  8950 | D:9      | Acquired Qazlal's third power
  9019 | D:10     | Entered Level 10 of the Dungeon
  9478 | D:10     | Reached XP level 11. HP: 93/97 MP: 21/23
  9688 | D:10     | Acquired Qazlal's fourth power
  9893 | D:10     | Noticed a hill giant
  9895 | D:10     | Killed a hill giant
 10788 | D:11     | Found Foereone's Jewellery Boutique.
 10890 | D:12     | Found a staircase to the Orcish Mines.
 10902 | D:12     | Reached skill level 15 in Axes
 10987 | D:12     | Reached skill level 10 in Fighting
 11047 | D:12     | Killed an unseen horror
 11047 | D:12     | Reached skill level 10 in Invocations
 11075 | D:12     | Noticed a hill giant
 11080 | D:12     | Killed a hill giant
 11099 | D:12     | Noticed Urug
 11109 | D:12     | Killed Urug
 11135 | D:12     | Reached XP level 12. HP: 24/108 MP: 19/26
 11322 | D:12     | Acquired Qazlal's fifth power
 11753 | Orc:1    | Entered Level 1 of the Orcish Mines
 11848 | Orc:1    | Noticed Blork the orc
 11855 | Orc:1    | Killed Blork the orc
 12712 | Orc:3    | Noticed Psyche
 12715 | Orc:3    | Paralysed by Psyche for 4 turns
 12721 | Orc:3    | Killed Psyche
 13092 | Orc:3    | Reached skill level 10 in Armour
 13188 | Orc:2    | Found Loaroe's Weapon Shoppe.
 13195 | Orc:2    | Gained mutation: Your magical capacity is low (-10% MP). [a neqoxec]
 13351 | Orc:4    | Entered Level 4 of the Orcish Mines
 13485 | Orc:4    | Noticed ventricule's ghost (powerful OpAM)
 13486 | Orc:3    | Reached skill level 16 in Axes
 13704 | Orc:4    | Killed ventricule's ghost
 13863 | Orc:4    | Found a white marble altar of Elyvilon.
 13982 | Orc:4    | Found a staircase to the Elven Halls.
 13998 | Orc:3    | Noticed Nessos
 14024 | Orc:3    | Killed Nessos
 14162 | Orc:3    | Found a white marble altar of Elyvilon.
 14218 | Orc:3    | Noticed an ogre mage
 14226 | Orc:3    | Killed an ogre mage
 14507 | Orc:4    | Noticed an orc high priest
 14540 | Orc:4    | Killed an orc high priest
 14540 | Orc:4    | Reached XP level 13. HP: 68/118 MP: 25/25
 14816 | Orc:4    | Noticed an orc high priest
 14820 | Orc:4    | Noticed an orc high priest
 14820 | Orc:4    | Killed an orc high priest
 14835 | Orc:4    | Killed an orc high priest
 14951 | Orc:4    | Paralysed by an orc sorcerer for 6 turns
 15102 | Orc:4    | Found Ismal's Weapon Emporium.
 15104 | Orc:4    | Found Puymoawn's Book Shop.
 15105 | Orc:4    | Found Xyesch's General Store.
 15105 | Orc:4    | Found Psamax's Weapon Shop.
 15197 | Orc:4    | Noticed an orc warlord
 15249 | Orc:3    | Killed an orc warlord
 15249 | Orc:3    | Reached skill level 17 in Axes
 15655 | Lair:1   | Entered Level 1 of the Lair of Beasts
 15657 | Lair:1   | Found a glowing silver altar of Zin.
 15923 | Lair:1   | Got a pair of heavily runed boots
 15929 | Lair:1   | Identified the +0 pair of boots "Udghas" {rF+} (You found it on level 1 of the Lair of Beasts)
 16863 | Lair:3   | Noticed Fannar
 16882 | Lair:3   | Killed Fannar
 17829 | Lair:4   | Reached XP level 14. HP: 124/129 MP: 27/27
 17858 | Lair:4   | Found a staircase to the Snake Pit.
 19171 | Lair:6   | Reached skill level 18 in Axes
 19200 | Lair:6   | Found a staircase to the Swamp.
 21155 | Lair:7   | Reached skill level 15 in Invocations
 21228 | Lair:7   | Found a viscous altar of Jiyva.
 21228 | Lair:7   | Found a staircase to the Slime Pits.
 22008 | Lair:8   | Entered Level 8 of the Lair of Beasts
 22014 | Lair:8   | Reached XP level 15. HP: 139/139 MP: 28/28
 22066 | Lair:8   | Reached skill level 15 in Fighting
 22412 | Lair:8   | Gained mutation: You can breathe flames. [potion of beneficial mutation]
 22491 | Lair:8   | Reached skill level 19 in Axes
 23042 | Lair:8   | Identified An Introduction to Secret Knowledge
 23046 | Lair:8   | Identified the Reference Book on Dark Arcane Weapons
 23364 | Snake:1  | Entered Level 1 of the Snake Pit
 23862 | Snake:1  | Noticed Aizul
 23872 | Snake:1  | Killed Aizul
 24281 | Snake:1  | Noticed a greater naga
 24300 | Snake:1  | Killed a greater naga
 25000 | Snake:3  | Got a pitted flail
 25001 | Snake:3  | Identified the +8 flail of Analysis {freeze, Str+2} (You found it on level 3 of the Snake Pit)
 25031 | Snake:3  | Reached XP level 16. HP: 150/150 MP: 29/29
 25063 | Snake:3  | Noticed Rupert
 25085 | Snake:3  | Killed Rupert
 25267 | Snake:3  | Found Phaaczarr's Magic Scroll Emporium.
 25524 | Snake:4  | Reached skill level 5 in Shields
 25961 | Snake:4  | Got a brightly glowing broad axe
 25962 | Snake:4  | Identified the +4 broad axe "Ydosme" {venom, rC+ MR+ Str+4 Int-3} (You found it on level 4 of the Snake Pit)
 26176 | Snake:4  | Noticed Vashnia
 26250 | Snake:4  | Reached skill level 15 in Armour
 26267 | Snake:4  | Killed Vashnia
 26267 | Snake:4  | Reached skill level 20 in Axes
 26727 | Snake:5  | Entered Level 5 of the Snake Pit
 27141 | Snake:5  | Killed from afar by a shock serpent

Action                   |  1- 3 |  4- 6 |  7- 9 | 10-12 | 13-15 | 16-18 || total
-------------------------+-------+-------+-------+-------+-------+-------++-------
Melee: War axe           |    94 |   174 |   189 |       |       |       ||   457
       Broad axe         |       |       |   257 |   647 |   989 |   299 ||  2192
Invok: Disaster Area     |       |       |       |       |     1 |       ||     1
       Elemental Force   |       |       |       |       |     2 |     1 ||     3
 Abil: Breathe Fire      |       |       |       |       |     4 |     1 ||     5
Evoke: Wand              |       |       |       |       |     2 |       ||     2
  Use: Scroll            |       |       |    26 |     6 |     7 |     2 ||    41
       Potion            |       |       |     1 |     1 |     1 |     1 ||     4
  Eat: Chunk             |     1 |     7 |    23 |    22 |    43 |    10 ||   106
